[ AOE2 MATCH · #478504051 ]
UnrankedGoths vs Georgians
[ REPLAY ANALYSIS · EXTRACTED FROM THE RECORDED GAME ]
Feudal
11:56
Castle
—
Imperial
—
| APM avg | 13.1 |
| APM peak | 68 |
| eAPM avg | 4.8 |
| Villagers / military | 30 / 0 |
Focus
⚔️ 22.5% · 🌾 77.5%
Fishing Ship ×3
Feudal
9:09
Castle
23:47
Imperial
30:09
| APM avg | 35.9 |
| APM peak | 86 |
| eAPM avg | 24.7 |
| Villagers / military | 105 / 66 |
Focus
⚔️ 32.7% · 🌾 67.3%
Spearman ×52 · Fishing Ship ×27 · Trebuchet (Packed) ×11 · Petard ×2 · Monk ×1
Feudal
11:22
Castle
16:30
Imperial
33:20
| APM avg | 42.3 |
| APM peak | 71 |
| eAPM avg | 23.2 |
| Villagers / military | 131 / 17 |
Focus
⚔️ 30.3% · 🌾 69.7%
Bombard Cannon ×12 · Spearman ×3 · Mangonel ×2
Feudal
10:59
Castle
18:52
Imperial
31:41
| APM avg | 48.3 |
| APM peak | 87 |
| eAPM avg | 27.7 |
| Villagers / military | 113 / 242 |
Focus
⚔️ 25.3% · 🌾 74.7%
Knight ×147 · Scout Cavalry ×88 · Fishing Ship ×25 · Mangonel ×7 · Trade Cart ×5
Feudal
10:55
Castle
24:10
Imperial
28:14
| APM avg | 62.8 |
| APM peak | 124 |
| eAPM avg | 41.3 |
| Villagers / military | 263 / 52 |
Focus
⚔️ 53.5% · 🌾 46.5%
Camel Scout ×38 · Fishing Ship ×38 · Militia ×7 · Trebuchet (Packed) ×6 · Mangonel ×1 · Trade Cog ×1
Feudal
11:19
Castle
14:42
Imperial
30:14
| APM avg | 45.8 |
| APM peak | 95 |
| eAPM avg | 33.0 |
| Villagers / military | 141 / 216 |
Focus
⚔️ 42.1% · 🌾 57.9%
Knight ×214 · Fishing Ship ×20 · Trade Cart ×8 · Monk ×1 · Mangonel ×1
Feudal
12:34
Castle
16:29
Imperial
29:46
| APM avg | 42.0 |
| APM peak | 94 |
| eAPM avg | 25.3 |
| Villagers / military | 155 / 147 |
Focus
⚔️ 35.3% · 🌾 64.7%
Konnik ×113 · Spearman ×27 · Fishing Ship ×18 · Knight ×3 · Monk ×2 · Mangonel ×2
Feudal
11:53
Castle
19:46
Imperial
33:06
| APM avg | 36.1 |
| APM peak | 76 |
| eAPM avg | 20.3 |
| Villagers / military | 131 / 70 |
Focus
⚔️ 27.9% · 🌾 72.1%
Berserk ×30 · Archer ×23 · Trebuchet (Packed) ×10 · Militia ×6 · Monk ×1
Match map
Initial resources + every placement click. Lines = walls · curves = elevation contours. ◆ gold · ⬟ stone · ● berries · ✦ relic · ◌ wall gap
Your base· ✓ Closed at 12:00 · 0t walls · no gate
DoubleZX's base· Open — opponent sealed themselves in
Hadeo's base· ✓ Closed at 16:30 · 65t walls · no gate
Lauth3's base· Open — opponent sealed themselves in
HaraKiri's base· ✓ Closed at 24:10 · 46t walls · 1 gate(s)
Jwappa's base· Open — opponent sealed themselves in
T's base· ✓ Closed at 16:29 · 0t walls · no gate
WhiteFangAoK16's base· Open — opponent sealed themselves in
Smoothed initial terrain · ◌ = detected wall gap · hover for details
Inputs per minute
— khungbo - - DoubleZX
Build order — khungbo
48 actions detected in the replay
| 0:01 | Create | Villager (Male) |
| 0:02 | Create | Villager (Male) |
| 0:03 | Build | House |
| 0:04 | Build | House |
| 0:11 | Create | Villager (Male) |
| 0:12 | Create | Villager (Male) |
| 0:12 | Create | Villager (Male) |
| 1:32 | Create | Villager (Male) |
| 1:33 | Create | Villager (Male) |
| 1:54 | Create | Villager (Male) |
| 1:55 | Create | Villager (Male) |
| 2:37 | Create | Villager (Male) |
| 2:37 | Create | Villager (Male) |
| 3:24 | Create | Villager (Male) |
| 3:24 | Create | Villager (Male) |
| 3:30 | Build | Lumber Camp |
| 3:34 | Build | House |
| 3:56 | Create | Villager (Male) |
| 3:56 | Create | Villager (Male) |
| 3:57 | Create | Villager (Male) |
| 5:18 | Create | Villager (Male) |
| 5:23 | Create | Villager (Male) |
| 5:40 | Create | Villager (Male) |
| 6:14 | Build | House |
| 6:19 | Build | House |
| 6:21 | Create | Villager (Male) |
| 6:34 | Create | Villager (Male) |
| 6:55 | Create | Villager (Male) |
| 7:21 | Create | Villager (Male) |
| 7:35 | Build | Dock |
| 7:44 | Build | Dock |
| 7:46 | Create | Villager (Male) |
| 8:01 | Create | Villager (Male) |
| 8:22 | Create | Fishing Ship |
| 8:30 | Build | House |
| 9:03 | Create | Villager (Male) |
| 9:05 | Create | Fishing Ship |
| 9:21 | Research | Feudal Age |
| 9:57 | Build | Mining Camp |
| 10:31 | Create | Villager (Male) |
| 10:59 | Build | Mill |
| 11:02 | Create | Villager (Male) |
| 11:24 | Create | Villager (Male) |
| 11:29 | Build | House |
| 11:36 | Create | Fishing Ship |
| 11:56 | Age | Feudal Age |
| 12:03 | Build | Market |
| 12:25 | Create | Villager (Male) |
Build order — DoubleZX
First 150 of 392 actions detected
| 0:00 | Create | Villager (Male) |
| 0:01 | Create | Villager (Male) |
| 0:01 | Create | Villager (Male) |
| 0:02 | Build | House |
| 0:04 | Build | House |
| 0:14 | Create | Villager (Male) |
| 0:14 | Create | Villager (Male) |
| 1:17 | Research | Loom |
| 1:30 | Build | Palisade Wall |
| 1:32 | Create | Villager (Male) |
| 1:36 | Build | Palisade Wall |
| 1:38 | Build | Palisade Wall |
| 1:43 | Build | Palisade Wall |
| 2:03 | Create | Villager (Male) |
| 2:03 | Create | Villager (Male) |
| 2:12 | Build | Palisade Wall |
| 2:37 | Create | Villager (Male) |
| 3:08 | Create | Villager (Male) |
| 3:22 | Create | Villager (Male) |
| 3:45 | Create | Villager (Male) |
| 4:10 | Create | Villager (Male) |
| 4:11 | Create | Villager (Male) |
| 4:34 | Build | House |
| 4:42 | Create | Villager (Male) |
| 4:42 | Create | Villager (Male) |
| 4:56 | Create | Villager (Male) |
| 4:56 | Create | Villager (Male) |
| 4:57 | Create | Villager (Male) |
| 5:40 | Build | Dock |
| 5:43 | Create | Villager (Male) |
| 6:12 | Build | House |
| 6:34 | Research | Loom |
| 6:34 | Research | Loom |
| 6:59 | Research | Feudal Age |
| 6:59 | Research | Feudal Age |
| 7:14 | Build | Mule Cart |
| 7:44 | Create | Fishing Ship |
| 7:44 | Create | Fishing Ship |
| 8:15 | Create | Villager (Male) |
| 8:15 | Create | Villager (Male) |
| 8:26 | Create | Fishing Ship |
| 8:42 | Build | House |
| 9:09 | Age | Feudal Age |
| 9:14 | Research | Double-Bit Axe |
| 9:14 | Research | Double-Bit Axe |
| 9:24 | Build | Watch Tower |
| 9:33 | Create | Villager (Male) |
| 9:44 | Create | Fishing Ship |
| 10:08 | Create | Villager (Male) |
| 10:26 | Create | Villager (Male) |
| 10:29 | Build | Mule Cart |
| 10:49 | Create | Villager (Male) |
| 11:05 | Build | Watch Tower |
| 11:18 | Create | Villager (Male) |
| 11:22 | Create | Fishing Ship |
| 11:22 | Create | Fishing Ship |
| 11:37 | Create | Villager (Male) |
| 11:52 | Research | Wheelbarrow |
| 11:52 | Research | Wheelbarrow |
| 12:04 | Create | Villager (Male) |
| 12:28 | Create | Fishing Ship |
| 12:31 | Build | House |
| 12:54 | Build | House |
| 13:04 | Build | Mill |
| 13:18 | Create | Villager (Male) |
| 13:20 | Research | Town Watch |
| 13:57 | Build | Fish Trap |
| 14:09 | Build | Watch Tower |
| 14:15 | Create | Villager (Male) |
| 14:17 | Build | House |
| 14:27 | Build | Mule Cart |
| 14:36 | Create | Villager (Male) |
| 14:49 | Build | Watch Tower |
| 14:58 | Build | House |
| 15:02 | Create | Villager (Male) |
| 15:11 | Build | Mule Cart |
| 15:25 | Build | Blacksmith |
| 15:48 | Build | Fish Trap |
| 15:50 | Create | Villager (Male) |
| 15:50 | Create | Villager (Male) |
| 16:05 | Build | Mule Cart |
| 16:17 | Build | Dock |
| 16:20 | Create | Fishing Ship |
| 16:22 | Create | Villager (Male) |
| 16:41 | Build | Fish Trap |
| 16:44 | Create | Villager (Male) |
| 16:59 | Create | Fishing Ship |
| 17:05 | Create | Villager (Male) |
| 17:09 | Build | House |
| 17:15 | Build | Fish Trap |
| 17:15 | Create | Fishing Ship |
| 17:19 | Create | Fishing Ship |
| 17:40 | Create | Villager (Male) |
| 17:44 | Build | Market |
| 17:55 | Build | Fish Trap |
| 17:58 | Create | Villager (Male) |
| 18:04 | Build | Fish Trap |
| 18:13 | Build | Fish Trap |
| 18:34 | Create | Villager (Male) |
| 18:38 | Build | Fish Trap |
| 18:43 | Build | Fish Trap |
| 18:58 | Build | Watch Tower |
| 19:02 | Create | Villager (Male) |
| 19:05 | Create | Fishing Ship |
| 19:06 | Create | Fishing Ship |
| 19:06 | Create | Fishing Ship |
| 19:18 | Create | Villager (Male) |
| 19:21 | Build | Mule Cart |
| 19:35 | Build | House |
| 19:38 | Create | Villager (Male) |
| 19:51 | Build | Fish Trap |
| 19:59 | Build | Fish Trap |
| 20:04 | Create | Fishing Ship |
| 20:11 | Create | Fishing Ship |
| 20:11 | Create | Fishing Ship |
| 20:21 | Create | Villager (Male) |
| 20:28 | Create | Fishing Ship |
| 20:29 | Create | Fishing Ship |
| 20:51 | Build | Fish Trap |
| 20:56 | Build | Fish Trap |
| 21:07 | Research | Castle Age |
| 21:07 | Research | Castle Age |
| 21:12 | Create | Fishing Ship |
| 21:18 | Create | Fishing Ship |
| 21:18 | Create | Fishing Ship |
| 21:32 | Build | Fish Trap |
| 21:43 | Build | Fish Trap |
| 21:45 | Create | Villager (Male) |
| 21:46 | Create | Villager (Male) |
| 21:57 | Create | Fishing Ship |
| 21:58 | Create | Fishing Ship |
| 22:10 | Build | House |
| 22:18 | Research | Gold Mining |
| 22:18 | Research | Gold Mining |
| 22:40 | Build | Watch Tower |
| 22:50 | Build | Mule Cart |
| 22:53 | Build | Fish Trap |
| 22:53 | Create | Villager (Male) |
| 23:11 | Build | Fish Trap |
| 23:23 | Build | Fish Trap |
| 23:32 | Build | Watch Tower |
| 23:47 | Age | Castle Age |
| 23:51 | Build | University |
| 23:53 | Research | Fletching |
| 23:53 | Research | Fletching |
| 24:05 | Research | Bow Saw |
| 24:29 | Research | Bodkin Arrow |
| 24:30 | Create | Villager (Male) |
| 24:35 | Build | Fish Trap |
| 24:38 | Research | Guard Tower (upgrade) |
Build order — Hadeo
First 150 of 309 actions detected
| 0:02 | Create | Villager (Male) |
| 0:02 | Create | Villager (Male) |
| 0:03 | Build | House |
| 0:05 | Build | House |
| 0:18 | Create | Villager (Male) |
| 0:18 | Create | Villager (Male) |
| 0:39 | Research | Loom |
| 0:45 | Create | Villager (Male) |
| 1:03 | Create | Villager (Male) |
| 1:21 | Build | Palisade Wall |
| 1:28 | Build | Palisade Wall |
| 1:30 | Build | Palisade Wall |
| 1:32 | Build | Palisade Wall |
| 1:34 | Build | Palisade Wall |
| 1:45 | Create | Villager (Male) |
| 1:57 | Build | Palisade Wall |
| 2:09 | Build | Lumber Camp |
| 2:32 | Create | Villager (Male) |
| 2:32 | Create | Villager (Male) |
| 2:54 | Create | Villager (Male) |
| 2:54 | Create | Villager (Male) |
| 3:21 | Create | Villager (Male) |
| 3:21 | Create | Villager (Male) |
| 3:45 | Create | Villager (Male) |
| 3:45 | Create | Villager (Male) |
| 4:00 | Build | House |
| 4:02 | Build | House |
| 4:12 | Create | Villager (Male) |
| 4:12 | Create | Villager (Male) |
| 4:14 | Build | House |
| 4:37 | Create | Villager (Male) |
| 4:37 | Create | Villager (Male) |
| 4:38 | Create | Villager (Male) |
| 4:59 | Build | Palisade Wall |
| 4:59 | Build | Palisade Wall |
| 5:40 | Create | Villager (Male) |
| 6:02 | Create | Villager (Male) |
| 6:14 | Create | Villager (Male) |
| 6:58 | Build | Mill |
| 7:02 | Create | Villager (Male) |
| 7:26 | Create | Villager (Male) |
| 7:32 | Build | Palisade Wall |
| 7:56 | Create | Villager (Male) |
| 7:58 | Create | Villager (Male) |
| 7:58 | Create | Villager (Male) |
| 8:51 | Build | Mining Camp |
| 8:58 | Research | Feudal Age |
| 9:16 | Build | Palisade Wall |
| 9:20 | Build | Palisade Wall |
| 9:26 | Build | Palisade Wall |
| 10:32 | Build | Palisade Wall |
| 11:06 | Build | Palisade Wall |
| 11:13 | Create | Villager (Male) |
| 11:22 | Age | Feudal Age |
| 11:36 | Build | Stone Wall |
| 11:38 | Build | Watch Tower |
| 11:52 | Build | Stone Wall |
| 11:55 | Create | Villager (Male) |
| 11:58 | Build | House |
| 12:22 | Create | Villager (Male) |
| 12:44 | Build | Market |
| 12:51 | Create | Villager (Male) |
| 13:23 | Build | Blacksmith |
| 13:24 | Create | Villager (Male) |
| 13:50 | Research | Castle Age |
| 13:50 | Research | Castle Age |
| 13:57 | Build | Lumber Camp |
| 14:37 | Build | Watch Tower |
| 14:45 | Create | Villager (Male) |
| 15:29 | Build | Mining Camp |
| 16:15 | Create | Villager (Male) |
| 16:30 | Age | Castle Age |
| 16:41 | Build | Town Center |
| 16:53 | Research | Double-Bit Axe |
| 17:13 | Create | Villager (Male) |
| 17:22 | Build | House |
| 17:51 | Create | Villager (Male) |
| 18:04 | Create | Villager (Male) |
| 18:19 | Build | Stone Wall |
| 18:45 | Build | Stone Wall |
| 18:50 | Create | Villager (Male) |
| 18:53 | Create | Villager (Male) |
| 18:57 | Build | Farm |
| 18:57 | Build | Farm |
| 18:58 | Build | Farm |
| 18:59 | Build | Farm |
| 19:02 | Research | Horse Collar |
| 19:03 | Create | Villager (Male) |
| 19:20 | Create | Villager (Male) |
| 19:22 | Build | Farm |
| 19:23 | Build | Farm |
| 19:24 | Build | Farm |
| 19:30 | Build | Farm |
| 19:31 | Create | Villager (Male) |
| 19:34 | Build | House |
| 19:40 | Build | Farm |
| 19:41 | Create | Villager (Male) |
| 19:47 | Build | Farm |
| 19:48 | Build | Farm |
| 19:50 | Create | Villager (Male) |
| 19:58 | Build | Stone Wall |
| 20:02 | Build | Farm |
| 20:11 | Create | Villager (Male) |
| 20:11 | Create | Villager (Male) |
| 20:42 | Build | Farm |
| 20:44 | Create | Villager (Male) |
| 20:44 | Create | Villager (Male) |
| 20:52 | Build | Farm |
| 20:53 | Build | Farm |
| 20:57 | Create | Villager (Male) |
| 21:10 | Create | Villager (Male) |
| 21:15 | Create | Villager (Male) |
| 21:17 | Create | Villager (Male) |
| 21:21 | Build | Farm |
| 21:26 | Build | House |
| 21:31 | Research | Wheelbarrow |
| 21:33 | Create | Villager (Male) |
| 21:43 | Build | Castle |
| 21:56 | Create | Villager (Male) |
| 22:01 | Research | Fletching |
| 22:01 | Research | Fletching |
| 22:16 | Build | Siege Workshop |
| 22:19 | Create | Villager (Male) |
| 22:27 | Create | Villager (Male) |
| 22:33 | Create | Villager (Male) |
| 22:35 | Build | House |
| 22:35 | Build | House |
| 22:59 | Create | Mangonel |
| 23:13 | Build | Watch Tower |
| 23:23 | Research | Bodkin Arrow |
| 23:39 | Build | Watch Tower |
| 23:43 | Create | Villager (Male) |
| 23:43 | Create | Villager (Male) |
| 24:00 | Create | Mangonel |
| 24:13 | Create | Villager (Male) |
| 24:17 | Create | Villager (Male) |
| 24:20 | Build | House |
| 24:21 | Build | House |
| 24:27 | Create | Villager (Male) |
| 24:28 | Create | Villager (Male) |
| 24:38 | Create | Villager (Male) |
| 24:57 | Build | Lumber Camp |
| 25:09 | Create | Villager (Male) |
| 25:12 | Create | Villager (Male) |
| 25:24 | Build | Castle |
| 25:32 | Create | Villager (Male) |
| 25:36 | Build | University |
| 25:50 | Create | Villager (Male) |
| 25:56 | Create | Villager (Male) |
| 26:17 | Create | Villager (Male) |
Build order — Lauth3
First 150 of 425 actions detected
| 0:01 | Create | Villager (Male) |
| 0:02 | Create | Villager (Male) |
| 0:03 | Build | House |
| 0:04 | Build | House |
| 0:05 | Create | Villager (Male) |
| 0:14 | Create | Villager (Male) |
| 0:15 | Create | Villager (Male) |
| 1:29 | Create | Villager (Male) |
| 1:30 | Create | Villager (Male) |
| 1:51 | Build | Lumber Camp |
| 1:53 | Create | Villager (Male) |
| 1:53 | Create | Villager (Male) |
| 2:22 | Create | Villager (Male) |
| 2:22 | Create | Villager (Male) |
| 2:53 | Create | Villager (Male) |
| 2:53 | Create | Villager (Male) |
| 3:09 | Create | Villager (Male) |
| 3:09 | Create | Villager (Male) |
| 3:28 | Build | House |
| 3:47 | Create | Villager (Male) |
| 3:47 | Create | Villager (Male) |
| 4:05 | Create | Villager (Male) |
| 4:05 | Create | Villager (Male) |
| 4:33 | Create | Villager (Male) |
| 4:41 | Build | Dock |
| 4:49 | Research | Double-Bit Axe |
| 4:49 | Research | Double-Bit Axe |
| 5:07 | Create | Villager (Male) |
| 5:07 | Create | Villager (Male) |
| 5:20 | Build | House |
| 5:29 | Create | Villager (Male) |
| 5:30 | Create | Villager (Male) |
| 5:31 | Create | Fishing Ship |
| 5:32 | Create | Fishing Ship |
| 5:58 | Create | Villager (Male) |
| 5:59 | Create | Villager (Male) |
| 6:02 | Create | Fishing Ship |
| 6:16 | Create | Fishing Ship |
| 6:42 | Create | Villager (Male) |
| 6:42 | Create | Villager (Male) |
| 6:56 | Build | House |
| 6:59 | Create | Fishing Ship |
| 6:59 | Create | Fishing Ship |
| 7:15 | Create | Villager (Male) |
| 7:41 | Create | Fishing Ship |
| 7:46 | Build | House |
| 7:55 | Create | Villager (Male) |
| 7:57 | Create | Villager (Male) |
| 8:15 | Build | House |
| 8:20 | Create | Fishing Ship |
| 8:49 | Research | Feudal Age |
| 8:50 | Research | Feudal Age |
| 8:59 | Research | Tech 906 |
| 9:26 | Build | Mining Camp |
| 9:27 | Build | House |
| 9:48 | Research | Tech 906 |
| 10:00 | Build | Lumber Camp |
| 10:36 | Create | Fishing Ship |
| 10:53 | Create | Fishing Ship |
| 10:59 | Age | Feudal Age |
| 11:08 | Build | Dock |
| 11:17 | Create | Villager (Male) |
| 11:17 | Create | Villager (Male) |
| 11:17 | Create | Villager (Male) |
| 11:23 | Create | Villager (Male) |
| 11:23 | Create | Villager (Male) |
| 11:25 | Create | Fishing Ship |
| 11:43 | Build | House |
| 11:52 | Build | Mill |
| 12:02 | Create | Fishing Ship |
| 12:04 | Build | Fish Trap |
| 12:06 | Build | Fish Trap |
| 12:11 | Build | Fish Trap |
| 12:22 | Research | Bow Saw |
| 12:23 | Research | Bow Saw |
| 12:23 | Research | Bow Saw |
| 12:41 | Build | Fish Trap |
| 12:52 | Build | Fish Trap |
| 13:13 | Build | Fish Trap |
| 13:14 | Build | Fish Trap |
| 13:25 | Build | Fish Trap |
| 13:31 | Create | Villager (Male) |
| 13:32 | Create | Villager (Male) |
| 13:40 | Build | Fish Trap |
| 14:01 | Build | Blacksmith |
| 14:03 | Create | Villager (Male) |
| 14:10 | Create | Villager (Male) |
| 14:31 | Build | Market |
| 14:38 | Create | Fishing Ship |
| 14:39 | Create | Fishing Ship |
| 14:41 | Create | Fishing Ship |
| 14:41 | Create | Fishing Ship |
| 14:53 | Build | House |
| 15:20 | Build | Dock |
| 15:39 | Build | Palisade Wall |
| 16:12 | Research | Castle Age |
| 16:12 | Research | Castle Age |
| 16:16 | Build | Fish Trap |
| 16:24 | Research | Gillnets |
| 16:25 | Research | Gillnets |
| 16:32 | Build | House |
| 16:44 | Build | Fish Trap |
| 16:48 | Build | Fish Trap |
| 16:52 | Build | Fish Trap |
| 16:55 | Create | Fishing Ship |
| 16:55 | Create | Fishing Ship |
| 16:56 | Create | Fishing Ship |
| 16:59 | Create | Villager (Male) |
| 17:19 | Build | House |
| 17:24 | Build | Lumber Camp |
| 17:44 | Build | Fish Trap |
| 17:54 | Build | Fish Trap |
| 18:02 | Build | Fish Trap |
| 18:03 | Create | Fishing Ship |
| 18:04 | Create | Fishing Ship |
| 18:04 | Create | Fishing Ship |
| 18:04 | Create | Fishing Ship |
| 18:04 | Create | Fishing Ship |
| 18:06 | Create | Fishing Ship |
| 18:08 | Build | House |
| 18:16 | Research | Wheelbarrow |
| 18:18 | Create | Villager (Male) |
| 18:18 | Create | Villager (Male) |
| 18:52 | Age | Castle Age |
| 18:55 | Build | Siege Workshop |
| 18:56 | Create | Villager (Male) |
| 19:05 | Build | Town Center |
| 19:11 | Build | Town Center |
| 19:13 | Create | Villager (Male) |
| 19:13 | Create | Villager (Male) |
| 19:23 | Build | Fish Trap |
| 19:44 | Build | Fish Trap |
| 19:45 | Build | Fish Trap |
| 19:50 | Create | Villager (Male) |
| 19:54 | Build | Fish Trap |
| 20:06 | Create | Villager (Male) |
| 20:10 | Build | Fish Trap |
| 20:21 | Create | Mangonel |
| 20:21 | Create | Mangonel |
| 20:39 | Build | Lumber Camp |
| 20:40 | Create | Villager (Male) |
| 20:51 | Build | House |
| 21:02 | Create | Mangonel |
| 21:03 | Create | Villager (Male) |
| 21:04 | Create | Villager (Male) |
| 21:04 | Create | Villager (Male) |
| 21:33 | Create | Mangonel |
| 21:35 | Create | Villager (Male) |
| 22:05 | Create | Villager (Male) |
| 22:06 | Create | Villager (Male) |
Build order — HaraKiri
First 150 of 566 actions detected
| 0:01 | Create | Villager (Male) |
| 0:01 | Create | Villager (Male) |
| 0:02 | Build | House |
| 0:04 | Build | House |
| 0:04 | Create | Villager (Male) |
| 0:05 | Create | Villager (Male) |
| 0:35 | Build | Palisade Wall |
| 1:37 | Create | Villager (Male) |
| 1:37 | Create | Villager (Male) |
| 2:06 | Create | Villager (Male) |
| 2:06 | Create | Villager (Male) |
| 2:42 | Build | Palisade Gate |
| 2:45 | Create | Villager (Male) |
| 2:45 | Create | Villager (Male) |
| 3:06 | Create | Villager (Male) |
| 3:07 | Create | Villager (Male) |
| 3:19 | Build | Palisade Wall |
| 3:23 | Create | Villager (Male) |
| 3:42 | Build | Lumber Camp |
| 3:51 | Research | Loom |
| 3:51 | Research | Loom |
| 4:04 | Create | Villager (Male) |
| 4:04 | Create | Villager (Male) |
| 4:32 | Create | Villager (Male) |
| 4:32 | Create | Villager (Male) |
| 5:14 | Build | Palisade Wall |
| 5:18 | Build | Palisade Wall |
| 5:24 | Build | House |
| 5:40 | Build | Palisade Wall |
| 5:41 | Build | Palisade Wall |
| 5:48 | Create | Villager (Male) |
| 5:49 | Create | Villager (Male) |
| 5:49 | Create | Villager (Male) |
| 5:49 | Create | Villager (Male) |
| 5:56 | Build | House |
| 6:04 | Create | Villager (Male) |
| 6:12 | Create | Villager (Male) |
| 6:21 | Create | Villager (Male) |
| 6:22 | Create | Villager (Male) |
| 6:41 | Create | Villager (Male) |
| 6:45 | Create | Villager (Male) |
| 6:46 | Create | Villager (Male) |
| 6:46 | Create | Villager (Male) |
| 7:24 | Build | Barracks |
| 7:26 | Create | Villager (Male) |
| 7:27 | Create | Villager (Male) |
| 7:28 | Create | Villager (Male) |
| 7:28 | Create | Villager (Male) |
| 8:17 | Create | Villager (Male) |
| 8:45 | Research | Feudal Age |
| 8:45 | Research | Feudal Age |
| 9:09 | Create | Militia |
| 9:09 | Create | Militia |
| 9:10 | Create | Militia |
| 9:10 | Create | Militia |
| 9:19 | Build | Mining Camp |
| 9:24 | Build | Palisade Wall |
| 9:49 | Build | House |
| 9:54 | Create | Militia |
| 9:55 | Create | Militia |
| 10:08 | Build | House |
| 10:12 | Build | House |
| 10:25 | Create | Militia |
| 10:28 | Build | House |
| 10:41 | Create | Villager (Male) |
| 10:55 | Age | Feudal Age |
| 10:59 | Research | Man-at-Arms (upgrade) |
| 11:04 | Create | Villager (Male) |
| 11:08 | Create | Villager (Male) |
| 11:09 | Create | Villager (Male) |
| 11:09 | Create | Villager (Male) |
| 11:17 | Build | Dock |
| 11:32 | Research | Double-Bit Axe |
| 11:32 | Create | Villager (Male) |
| 11:42 | Create | Villager (Male) |
| 11:48 | Build | Stone Wall |
| 11:54 | Build | Stone Wall |
| 12:06 | Create | Villager (Male) |
| 12:08 | Create | Villager (Male) |
| 12:11 | Create | Villager (Male) |
| 12:18 | Create | Villager (Male) |
| 12:21 | Create | Fishing Ship |
| 12:22 | Create | Fishing Ship |
| 12:29 | Create | Villager (Male) |
| 12:30 | Create | Villager (Male) |
| 12:42 | Build | Dock |
| 12:43 | Create | Villager (Male) |
| 12:47 | Create | Villager (Male) |
| 13:19 | Create | Villager (Male) |
| 13:22 | Create | Fishing Ship |
| 13:22 | Create | Fishing Ship |
| 13:24 | Create | Fishing Ship |
| 13:36 | Build | Lumber Camp |
| 14:00 | Create | Villager (Male) |
| 14:34 | Create | Villager (Male) |
| 14:48 | Create | Fishing Ship |
| 14:50 | Create | Fishing Ship |
| 14:51 | Create | Fishing Ship |
| 14:51 | Create | Fishing Ship |
| 14:54 | Build | Fish Trap |
| 15:03 | Research | Wheelbarrow |
| 15:05 | Build | House |
| 15:06 | Build | House |
| 15:06 | Build | House |
| 15:08 | Build | House |
| 15:09 | Build | House |
| 15:22 | Create | Villager (Male) |
| 15:42 | Build | Outpost |
| 15:45 | Research | Town Watch |
| 15:45 | Create | Fishing Ship |
| 15:46 | Create | Fishing Ship |
| 15:50 | Research | Tech 906 |
| 15:51 | Create | Fishing Ship |
| 15:51 | Create | Fishing Ship |
| 15:51 | Create | Fishing Ship |
| 15:55 | Build | Fish Trap |
| 16:10 | Create | Villager (Male) |
| 16:14 | Create | Villager (Male) |
| 16:19 | Create | Fishing Ship |
| 16:19 | Create | Fishing Ship |
| 16:20 | Create | Fishing Ship |
| 16:20 | Create | Fishing Ship |
| 16:32 | Create | Villager (Male) |
| 16:36 | Build | Mill |
| 16:38 | Create | Villager (Male) |
| 16:39 | Create | Villager (Male) |
| 16:48 | Create | Villager (Male) |
| 16:50 | Create | Villager (Male) |
| 16:54 | Build | Fish Trap |
| 16:55 | Create | Villager (Male) |
| 16:57 | Create | Villager (Male) |
| 16:59 | Create | Fishing Ship |
| 17:03 | Build | Fish Trap |
| 17:13 | Create | Villager (Male) |
| 17:18 | Create | Villager (Male) |
| 17:39 | Create | Villager (Male) |
| 17:39 | Create | Villager (Male) |
| 17:49 | Create | Trade Cog |
| 17:49 | Create | Fishing Ship |
| 17:50 | Create | Fishing Ship |
| 17:50 | Create | Fishing Ship |
| 17:50 | Create | Fishing Ship |
| 17:52 | Build | Fish Trap |
| 17:53 | Create | Villager (Male) |
| 17:57 | Build | Fish Trap |
| 17:58 | Create | Villager (Male) |
| 17:59 | Create | Fishing Ship |
| 18:01 | Create | Fishing Ship |
| 18:14 | Build | Fish Trap |
| 18:15 | Create | Villager (Male) |
Build order — Jwappa
First 150 of 471 actions detected
| 0:01 | Create | Villager (Male) |
| 0:02 | Create | Villager (Male) |
| 0:03 | Build | House |
| 0:04 | Build | House |
| 0:09 | Create | Villager (Male) |
| 0:09 | Create | Villager (Male) |
| 0:10 | Create | Villager (Male) |
| 0:10 | Create | Villager (Male) |
| 1:28 | Create | Villager (Male) |
| 1:28 | Create | Villager (Male) |
| 1:54 | Create | Villager (Male) |
| 1:54 | Create | Villager (Male) |
| 2:01 | Build | Lumber Camp |
| 2:21 | Create | Villager (Male) |
| 2:21 | Create | Villager (Male) |
| 2:53 | Create | Villager (Male) |
| 2:54 | Create | Villager (Male) |
| 3:50 | Build | Dock |
| 3:53 | Create | Villager (Male) |
| 3:53 | Create | Villager (Male) |
| 3:59 | Build | House |
| 4:14 | Create | Villager (Male) |
| 4:15 | Create | Villager (Male) |
| 4:46 | Create | Villager (Male) |
| 4:46 | Create | Villager (Male) |
| 5:01 | Create | Villager (Male) |
| 5:01 | Create | Villager (Male) |
| 5:02 | Create | Villager (Male) |
| 5:18 | Build | House |
| 5:22 | Create | Fishing Ship |
| 5:23 | Create | Fishing Ship |
| 5:39 | Create | Villager (Male) |
| 6:00 | Create | Villager (Male) |
| 6:00 | Create | Villager (Male) |
| 6:08 | Create | Fishing Ship |
| 6:40 | Create | Villager (Male) |
| 6:40 | Create | Villager (Male) |
| 6:43 | Build | Mining Camp |
| 6:47 | Build | House |
| 6:49 | Build | House |
| 7:02 | Create | Villager (Male) |
| 7:18 | Create | Villager (Male) |
| 7:27 | Build | House |
| 7:32 | Build | House |
| 7:42 | Create | Villager (Male) |
| 8:04 | Create | Villager (Male) |
| 8:29 | Build | Mill |
| 8:45 | Create | Villager (Male) |
| 9:08 | Research | Feudal Age |
| 9:30 | Build | House |
| 9:43 | Create | Fishing Ship |
| 10:41 | Create | Villager (Male) |
| 10:41 | Create | Villager (Male) |
| 11:19 | Age | Feudal Age |
| 11:21 | Build | Market |
| 11:22 | Build | Blacksmith |
| 12:02 | Build | House |
| 12:08 | Build | Barracks |
| 12:16 | Research | Castle Age |
| 12:22 | Research | Double-Bit Axe |
| 12:57 | Research | Horse Collar |
| 13:18 | Build | Stable |
| 13:42 | Build | Palisade Wall |
| 13:55 | Build | House |
| 13:56 | Build | Palisade Wall |
| 13:57 | Build | House |
| 14:05 | Build | Palisade Wall |
| 14:08 | Build | Palisade Wall |
| 14:16 | Create | Villager (Male) |
| 14:42 | Age | Castle Age |
| 14:45 | Create | Knight |
| 14:46 | Create | Villager (Male) |
| 14:48 | Build | Town Center |
| 14:58 | Research | Bow Saw |
| 15:02 | Research | Tech 906 |
| 15:05 | Create | Fishing Ship |
| 15:05 | Create | Fishing Ship |
| 15:18 | Create | Villager (Male) |
| 15:26 | Create | Villager (Male) |
| 15:32 | Build | Fish Trap |
| 15:47 | Build | Fish Trap |
| 15:54 | Create | Villager (Male) |
| 16:02 | Create | Villager (Male) |
| 16:03 | Create | Villager (Male) ×2 |
| 16:14 | Build | Fish Trap |
| 16:30 | Build | Fish Trap |
| 16:34 | Create | Villager (Male) ×2 |
| 16:39 | Build | Fish Trap |
| 16:49 | Create | Villager (Male) ×2 |
| 17:00 | Build | Fish Trap |
| 17:23 | Build | House |
| 17:29 | Build | Palisade Gate |
| 17:32 | Build | Palisade Wall |
| 17:42 | Create | Villager (Male) ×3 |
| 17:46 | Build | Town Center |
| 17:51 | Create | Villager (Male) |
| 17:51 | Create | Villager (Male) |
| 17:57 | Create | Fishing Ship |
| 17:57 | Create | Fishing Ship |
| 17:59 | Create | Villager (Male) |
| 18:05 | Build | Farm |
| 18:15 | Build | House |
| 18:19 | Create | Villager (Male) ×3 |
| 18:19 | Create | Villager (Male) |
| 18:32 | Build | Dock |
| 18:37 | Build | Fish Trap |
| 18:42 | Create | Villager (Male) |
| 18:52 | Create | Villager (Male) |
| 18:58 | Create | Knight |
| 19:01 | Create | Villager (Male) |
| 19:09 | Create | Villager (Male) ×2 |
| 19:10 | Create | Villager (Male) |
| 19:21 | Create | Fishing Ship |
| 19:21 | Create | Fishing Ship |
| 19:24 | Build | Fish Trap |
| 19:28 | Create | Fishing Ship |
| 19:28 | Create | Fishing Ship |
| 19:28 | Create | Fishing Ship |
| 19:32 | Build | House |
| 19:33 | Build | House |
| 19:34 | Create | Villager (Male) |
| 19:35 | Create | Villager (Male) |
| 19:39 | Build | Farm |
| 19:40 | Build | Farm |
| 19:41 | Build | Farm |
| 19:42 | Build | Farm |
| 19:45 | Build | Farm |
| 19:48 | Create | Villager (Male) |
| 19:48 | Create | Villager (Male) |
| 19:54 | Build | House |
| 19:56 | Create | Villager (Male) |
| 19:58 | Build | House |
| 20:02 | Build | House |
| 20:13 | Build | Fish Trap |
| 20:16 | Create | Villager (Male) |
| 20:19 | Build | Fish Trap |
| 20:21 | Create | Villager (Male) |
| 20:21 | Create | Villager (Male) |
| 20:27 | Create | Villager (Male) |
| 20:40 | Create | Villager (Male) |
| 20:40 | Create | Villager (Male) |
| 20:48 | Build | Farm |
| 20:48 | Build | Farm |
| 20:49 | Build | Farm |
| 20:50 | Build | Farm |
| 20:51 | Build | Farm |
| 20:54 | Research | Gillnets |
| 21:01 | Build | Fish Trap |
| 21:02 | Create | Villager (Male) |
| 21:02 | Create | Villager (Male) |
Build order — T
First 150 of 418 actions detected
| 0:01 | Create | Villager (Male) ×4 |
| 0:01 | Create | Villager (Male) ×4 |
| 0:02 | Build | House |
| 0:03 | Build | House |
| 1:30 | Create | Villager (Male) |
| 1:55 | Create | Villager (Male) |
| 2:13 | Build | Lumber Camp |
| 2:26 | Create | Villager (Male) |
| 2:27 | Create | Villager (Male) |
| 2:55 | Create | Villager (Male) |
| 3:19 | Create | Villager (Male) |
| 3:33 | Build | House |
| 3:34 | Build | House |
| 3:42 | Create | Villager (Male) |
| 4:09 | Create | Villager (Male) |
| 4:31 | Create | Villager (Male) |
| 4:31 | Create | Villager (Male) |
| 4:42 | Build | Dock |
| 4:55 | Create | Villager (Male) |
| 5:21 | Create | Fishing Ship |
| 5:27 | Create | Villager (Male) ×2 |
| 5:38 | Build | House |
| 5:46 | Build | House |
| 5:55 | Build | House |
| 6:06 | Create | Villager (Male) |
| 6:06 | Create | Villager (Male) |
| 6:12 | Create | Fishing Ship |
| 6:30 | Create | Villager (Male) |
| 7:08 | Create | Villager (Male) |
| 7:10 | Build | House |
| 7:14 | Create | Fishing Ship |
| 7:35 | Create | Villager (Male) |
| 7:46 | Create | Fishing Ship |
| 7:52 | Build | House |
| 8:05 | Create | Villager (Male) |
| 8:25 | Create | Villager (Male) |
| 8:26 | Create | Fishing Ship |
| 8:39 | Build | House |
| 8:47 | Build | Lumber Camp |
| 9:00 | Create | Villager (Male) |
| 9:22 | Create | Villager (Male) |
| 9:38 | Create | Fishing Ship |
| 10:03 | Build | Mining Camp |
| 10:24 | Research | Feudal Age |
| 10:54 | Create | Fishing Ship |
| 11:10 | Build | House |
| 12:01 | Create | Villager (Male) |
| 12:02 | Create | Villager (Male) |
| 12:27 | Build | Dock |
| 12:34 | Age | Feudal Age |
| 12:38 | Build | Blacksmith |
| 12:44 | Build | Mill |
| 12:52 | Build | Fish Trap |
| 12:57 | Build | Fish Trap |
| 13:00 | Build | Fish Trap |
| 13:12 | Create | Villager (Male) |
| 13:19 | Build | Market |
| 13:45 | Research | Castle Age |
| 13:46 | Research | Castle Age |
| 14:04 | Research | Double-Bit Axe |
| 14:06 | Research | Tech 906 |
| 14:06 | Research | Tech 906 |
| 14:27 | Build | House |
| 14:28 | Build | House |
| 14:37 | Build | Fish Trap |
| 14:52 | Build | Fish Trap |
| 15:05 | Build | Fish Trap |
| 15:26 | Build | Fish Trap |
| 15:59 | Create | Fishing Ship |
| 15:59 | Create | Fishing Ship |
| 16:02 | Build | Fish Trap |
| 16:27 | Create | Villager (Male) |
| 16:27 | Create | Villager (Male) |
| 16:29 | Age | Castle Age |
| 16:32 | Build | Town Center |
| 16:35 | Research | Bow Saw |
| 16:35 | Research | Bow Saw |
| 16:49 | Build | Fish Trap |
| 16:59 | Build | Fish Trap |
| 16:59 | Create | Villager (Male) ×5 |
| 17:05 | Build | House |
| 17:06 | Build | House |
| 17:44 | Create | Villager (Male) |
| 17:44 | Create | Villager (Male) |
| 17:44 | Create | Villager (Male) |
| 17:45 | Create | Villager (Male) |
| 17:59 | Build | Town Center |
| 18:05 | Research | Gillnets |
| 18:05 | Research | Gillnets |
| 18:19 | Build | House |
| 18:20 | Build | House |
| 18:28 | Build | Monastery |
| 18:33 | Build | Lumber Camp |
| 18:57 | Create | Fishing Ship |
| 18:57 | Create | Fishing Ship |
| 19:02 | Create | Villager (Male) |
| 19:18 | Build | House |
| 19:19 | Build | House |
| 19:20 | Create | Monk |
| 19:22 | Create | Villager (Male) ×5 |
| 19:31 | Create | Fishing Ship |
| 19:31 | Create | Fishing Ship |
| 19:34 | Research | Horse Collar |
| 19:35 | Research | Gold Mining |
| 19:36 | Research | Gold Mining |
| 19:38 | Research | Stone Mining |
| 19:39 | Research | Stone Mining |
| 19:46 | Build | Fish Trap |
| 19:48 | Build | Fish Trap |
| 19:52 | Build | Farm |
| 19:57 | Create | Villager (Male) ×2 |
| 20:07 | Create | Villager (Male) |
| 20:16 | Build | House |
| 20:21 | Create | Villager (Male) |
| 20:32 | Build | Fish Trap |
| 20:40 | Build | Fish Trap |
| 20:41 | Create | Fishing Ship |
| 20:41 | Create | Fishing Ship |
| 20:42 | Create | Villager (Male) ×3 |
| 20:51 | Build | Town Center |
| 20:58 | Build | House |
| 20:59 | Build | House |
| 21:03 | Create | Villager (Male) |
| 21:05 | Build | Farm |
| 21:05 | Build | Farm |
| 21:07 | Build | Farm |
| 21:18 | Build | Farm |
| 21:20 | Create | Villager (Male) |
| 21:21 | Build | Farm |
| 21:21 | Build | Farm |
| 21:25 | Create | Villager (Male) |
| 21:31 | Build | Fish Trap |
| 21:37 | Build | Fish Trap |
| 21:37 | Create | Villager (Male) ×3 |
| 21:37 | Create | Villager (Male) ×3 |
| 21:42 | Create | Fishing Ship |
| 21:42 | Create | Fishing Ship |
| 21:45 | Create | Fishing Ship |
| 22:01 | Build | House |
| 22:02 | Build | House |
| 22:06 | Create | Villager (Male) |
| 22:07 | Build | Farm |
| 22:08 | Build | Farm |
| 22:11 | Build | Farm |
| 22:13 | Create | Villager (Male) |
| 22:13 | Create | Villager (Male) |
| 22:15 | Build | Farm |
| 22:16 | Build | Farm |
| 22:35 | Create | Villager (Male) ×5 |
| 22:41 | Build | Fish Trap |
Build order — WhiteFangAoK16
First 150 of 398 actions detected
| 0:01 | Create | Villager (Male) |
| 0:02 | Create | Villager (Male) |
| 0:02 | Create | Villager (Male) |
| 0:03 | Build | House |
| 0:05 | Build | House |
| 0:52 | Create | Villager (Male) |
| 0:52 | Create | Villager (Male) |
| 1:25 | Create | Villager (Male) |
| 1:50 | Build | Palisade Wall |
| 1:58 | Create | Villager (Male) |
| 1:58 | Create | Villager (Male) |
| 2:15 | Build | Lumber Camp |
| 2:25 | Create | Villager (Male) |
| 2:25 | Create | Villager (Male) |
| 2:25 | Create | Villager (Male) |
| 3:02 | Create | Villager (Male) |
| 3:03 | Create | Villager (Male) |
| 3:36 | Build | House |
| 3:44 | Create | Villager (Male) |
| 4:00 | Build | House |
| 4:08 | Create | Villager (Male) |
| 4:08 | Create | Villager (Male) |
| 4:33 | Create | Villager (Male) |
| 4:33 | Create | Villager (Male) |
| 4:41 | Research | Loom |
| 4:50 | Create | Villager (Male) |
| 5:04 | Create | Villager (Male) |
| 5:31 | Create | Villager (Male) |
| 5:38 | Build | Barracks |
| 6:18 | Create | Villager (Male) |
| 6:46 | Create | Villager (Male) |
| 6:56 | Build | Mill |
| 7:03 | Build | House |
| 7:07 | Create | Villager (Male) |
| 7:07 | Create | Villager (Male) |
| 7:34 | Build | Mining Camp |
| 7:55 | Create | Villager (Male) |
| 8:27 | Create | Villager (Male) |
| 8:46 | Create | Villager (Male) |
| 9:10 | Create | Villager (Male) |
| 9:30 | Research | Feudal Age |
| 9:56 | Create | Militia |
| 9:56 | Create | Militia |
| 9:56 | Create | Militia |
| 10:07 | Build | House |
| 10:23 | Create | Militia |
| 10:56 | Create | Villager (Male) |
| 11:08 | Create | Militia |
| 11:50 | Build | House |
| 11:52 | Build | House |
| 11:53 | Age | Feudal Age |
| 11:54 | Build | House |
| 11:55 | Research | Man-at-Arms (upgrade) |
| 11:58 | Research | Double-Bit Axe |
| 12:00 | Research | Horse Collar |
| 12:13 | Build | Outpost |
| 12:21 | Create | Militia |
| 12:52 | Build | Farm |
| 12:53 | Build | Farm |
| 12:56 | Create | Villager (Male) |
| 12:58 | Build | Farm |
| 12:58 | Create | Villager (Male) |
| 13:01 | Build | Farm |
| 13:03 | Build | Farm |
| 13:05 | Build | Farm |
| 13:16 | Build | Farm |
| 13:17 | Build | Farm |
| 13:39 | Create | Villager (Male) |
| 13:40 | Build | Farm |
| 13:43 | Build | Farm |
| 13:45 | Build | Farm |
| 13:46 | Build | Farm |
| 14:05 | Create | Villager (Male) |
| 14:07 | Create | Villager (Male) |
| 14:17 | Create | Villager (Male) |
| 14:20 | Build | Farm |
| 14:22 | Build | Farm |
| 14:23 | Build | Farm |
| 14:37 | Create | Villager (Male) |
| 14:41 | Build | Farm |
| 15:06 | Build | Blacksmith |
| 15:22 | Create | Villager (Male) |
| 15:33 | Create | Villager (Male) |
| 15:39 | Create | Villager (Male) |
| 15:58 | Build | Market |
| 16:00 | Create | Villager (Male) |
| 16:58 | Build | House |
| 16:59 | Build | House |
| 17:00 | Build | House |
| 17:02 | Research | Castle Age |
| 17:03 | Research | Castle Age |
| 17:30 | Research | Gold Mining |
| 17:52 | Build | House |
| 17:59 | Build | Archery Range |
| 18:10 | Research | Fletching |
| 18:41 | Build | Archery Range |
| 18:44 | Create | Archer |
| 18:44 | Create | Archer |
| 18:45 | Create | Villager (Male) |
| 19:14 | Create | Archer |
| 19:34 | Create | Archer |
| 19:46 | Age | Castle Age |
| 19:49 | Research | Bow Saw |
| 19:50 | Research | Crossbowman (upgrade) |
| 19:53 | Create | Villager (Male) |
| 20:17 | Create | Archer |
| 20:17 | Create | Archer |
| 20:23 | Build | House |
| 20:24 | Create | Villager (Male) |
| 20:25 | Create | Archer |
| 20:35 | Create | Archer |
| 20:38 | Create | Villager (Male) |
| 20:40 | Research | Bodkin Arrow |
| 20:42 | Create | Villager (Male) |
| 20:57 | Build | House |
| 21:11 | Build | Town Center |
| 21:13 | Create | Villager (Male) |
| 21:17 | Create | Archer |
| 21:26 | Create | Archer |
| 21:27 | Create | Archer |
| 21:29 | Create | Villager (Male) |
| 21:41 | Research | Heavy Plow |
| 21:55 | Create | Villager (Male) |
| 22:17 | Build | Lumber Camp |
| 22:28 | Build | House |
| 22:30 | Build | House |
| 22:46 | Create | Villager (Male) |
| 22:54 | Create | Villager (Male) |
| 22:59 | Build | House |
| 22:59 | Build | House |
| 23:01 | Build | House |
| 23:08 | Create | Villager (Male) |
| 23:08 | Create | Villager (Male) |
| 23:20 | Create | Villager (Male) |
| 23:30 | Create | Villager (Male) |
| 23:39 | Create | Villager (Male) |
| 23:52 | Create | Villager (Male) |
| 23:56 | Build | Farm |
| 23:58 | Build | Farm |
| 23:59 | Build | Farm |
| 24:01 | Create | Villager (Male) |
| 24:05 | Build | House |
| 24:07 | Build | Farm |
| 24:08 | Build | Farm |
| 24:09 | Create | Villager (Male) |
| 24:13 | Build | Monastery |
| 24:14 | Create | Villager (Male) |
| 24:27 | Create | Villager (Male) |
| 24:43 | Create | Villager (Male) |
| 24:47 | Build | Town Center |
Match timeline
| 0:35 | HaraKiri · wall_segment Palisade Wall x12 |
| 1:21 | Hadeo · wall_segment Palisade Wall x3 |
| 1:28 | Hadeo · wall_segment Palisade Wall x1 |
| 1:30 | DoubleZX · wall_segment Palisade Wall x8 |
| 1:30 | Hadeo · wall_segment Palisade Wall x1 |
| 1:32 | Hadeo · wall_segment Palisade Wall x1 |
| 1:34 | Hadeo · wall_segment Palisade Wall x1 |
| 1:36 | DoubleZX · wall_segment Palisade Wall x1 |
| 1:38 | DoubleZX · wall_segment Palisade Wall x1 |
| 1:43 | DoubleZX · wall_segment Palisade Wall x3 |
| 1:50 | WhiteFangAoK16 · wall_segment Palisade Wall x9 |
| 1:57 | Hadeo · wall_segment Palisade Wall x1 |
| 2:12 | DoubleZX · wall_segment Palisade Wall x1 |
| 3:19 | HaraKiri · wall_segment Palisade Wall x1 |
| 3:50 | Jwappa · first_building Dock |
| 4:41 | Lauth3 · first_building Dock |
| 4:42 | T · first_building Dock |
| 4:59 | Hadeo · wall_segment Palisade Wall x1 |
| 4:59 | Hadeo · wall_segment Palisade Wall x1 |
| 5:14 | HaraKiri · wall_segment Palisade Wall x3 |
| 5:18 | HaraKiri · wall_segment Palisade Wall x4 |
| 5:38 | WhiteFangAoK16 · first_building Barracks |
| 5:40 | DoubleZX · first_building Dock |
| 5:40 | HaraKiri · wall_segment Palisade Wall x1 |
| 5:41 | HaraKiri · wall_segment Palisade Wall x1 |
| 7:24 | HaraKiri · first_building Barracks |
| 7:32 | Hadeo · wall_segment Palisade Wall x1 |
| 7:35 | khungbo · first_building Dock |
| 9:09 | DoubleZX · age_up feudal |
| 9:16 | Hadeo · wall_segment Palisade Wall x3 |
| 9:20 | Hadeo · wall_segment Palisade Wall x11 |
| 9:24 | HaraKiri · wall_segment Palisade Wall x1 |
| 9:26 | Hadeo · wall_segment Palisade Wall x10 |
| 10:32 | Hadeo · wall_segment Palisade Wall x10 |
| 10:55 | HaraKiri · age_up feudal |
| 10:59 | Lauth3 · age_up feudal |
| 11:06 | Hadeo · wall_segment Palisade Wall x10 |
| 11:17 | HaraKiri · first_building Dock |
| 11:19 | Jwappa · age_up feudal |
| 11:22 | Hadeo · age_up feudal |
| 11:36 | Hadeo · wall_segment Stone Wall x11 |
| 11:48 | HaraKiri · wall_segment Stone Wall x4 |
| 11:52 | Hadeo · wall_segment Stone Wall x11 |
| 11:53 | WhiteFangAoK16 · age_up feudal |
| 11:54 | HaraKiri · wall_segment Stone Wall x5 |
| 11:56 | khungbo · age_up feudal |
| 12:08 | Jwappa · first_building Barracks |
| 12:34 | T · age_up feudal |
| 13:18 | Jwappa · first_building Stable |
| 13:42 | Jwappa · wall_segment Palisade Wall x1 |
| 13:56 | Jwappa · wall_segment Palisade Wall x1 |
| 14:05 | Jwappa · wall_segment Palisade Wall x1 |
| 14:08 | Jwappa · wall_segment Palisade Wall x2 |
| 14:09 | khungbo · resign |
| 14:42 | Jwappa · age_up castle |
| 15:39 | Lauth3 · wall_segment Palisade Wall x1 |
| 16:22 | Hadeo · first_market_buy 100 wood |
| 16:29 | T · age_up castle |
| 16:30 | Hadeo · age_up castle |
| 16:34 | T · first_market_buy 100 wood |
| 17:32 | Jwappa · wall_segment Palisade Wall x1 |
| 17:59 | WhiteFangAoK16 · first_building Archery Range |
| 18:19 | Hadeo · wall_segment Stone Wall x1 |
| 18:28 | T · first_building Monastery |
| 18:45 | Hadeo · wall_segment Stone Wall x1 |
| 18:52 | Lauth3 · age_up castle |
| 18:53 | Jwappa · first_market_buy 100 food |
| 18:55 | Lauth3 · first_building Siege Workshop |
| 19:46 | WhiteFangAoK16 · age_up castle |
| 19:58 | Hadeo · wall_segment Stone Wall x1 |
| 20:06 | HaraKiri · wall_segment Stone Wall x4 |
| 20:12 | HaraKiri · wall_segment Stone Wall x4 |
| 20:15 | HaraKiri · wall_segment Stone Wall x1 |
| 20:17 | Lauth3 · first_market_buy 100 wood |
| 21:03 | DoubleZX · first_market_buy 100 food |
| 21:09 | HaraKiri · wall_segment Stone Wall x11 |
| 21:43 | Hadeo · first_building Castle |
| 22:16 | Hadeo · first_building Siege Workshop |
| 22:19 | HaraKiri · wall_segment Stone Wall x6 |
| 22:34 | Jwappa · first_building Monastery |
| 22:36 | Lauth3 · first_market_sell 100 food |
| 22:58 | Hadeo · first_market_sell 100 food |
| 23:34 | HaraKiri · wall_segment Stone Wall x1 |
| 23:47 | DoubleZX · age_up castle |
| 24:10 | HaraKiri · age_up castle |
| 24:12 | HaraKiri · first_building Siege Workshop |
| 24:13 | WhiteFangAoK16 · first_building Monastery |
| 24:22 | HaraKiri · first_market_buy 100 wood |
| 24:27 | T · first_building Siege Workshop |
| 24:34 | HaraKiri · first_building Monastery |
| 24:42 | WhiteFangAoK16 · first_market_buy 100 wood |
| 25:13 | T · first_building Barracks |
| 25:28 | DoubleZX · first_building Monastery |
| 25:57 | Jwappa · first_building Castle |
| 26:00 | DoubleZX · first_building Castle |
| 26:22 | HaraKiri · first_building Stable |
| 26:59 | T · first_building Krepost |
| 27:12 | T · first_building Stable |
| 27:16 | Lauth3 · first_building Barracks |
| 27:18 | HaraKiri · wall_segment Stone Wall x1 |
| 27:49 | Lauth3 · first_building Monastery |
| 27:51 | HaraKiri · first_building Castle |
| 28:00 | Jwappa · tribute_sent a jugador 1 |
| 28:00 | Jwappa · tribute_sent a jugador 2 |
| 28:00 | Jwappa · tribute_sent a jugador 3 |
| 28:00 | Jwappa · tribute_sent a jugador 4 |
| 28:00 | Jwappa · tribute_sent a jugador 5 |
| 28:00 | Jwappa · tribute_sent a jugador 7 |
| 28:00 | Jwappa · tribute_sent a jugador 8 |
| 28:12 | DoubleZX · wall_segment Stone Wall x7 |
| 28:13 | Jwappa · first_building Siege Workshop |
| 28:14 | HaraKiri · age_up imperial |
| 28:34 | Lauth3 · first_building Stable |
| 28:49 | WhiteFangAoK16 · first_building Castle |
| 29:11 | WhiteFangAoK16 · first_market_sell 100 food |
| 29:18 | HaraKiri · first_market_sell 500 stone |
| 29:46 | T · age_up imperial |
| 30:06 | HaraKiri · wall_segment Stone Wall x1 |
| 30:07 | HaraKiri · wall_segment Stone Wall x1 |
| 30:09 | DoubleZX · age_up imperial |
| 30:14 | Jwappa · age_up imperial |
| 30:16 | Hadeo · wall_segment Stone Wall x3 |
| 30:22 | HaraKiri · wall_segment Stone Wall x1 |
| 30:23 | HaraKiri · wall_segment Stone Wall x1 |
| 30:23 | Jwappa · first_market_sell 100 wood |
| 30:24 | HaraKiri · wall_segment Stone Wall x1 |
| 30:27 | HaraKiri · wall_segment Stone Wall x1 |
| 30:28 | HaraKiri · wall_segment Stone Wall x1 |
| 30:33 | Hadeo · wall_segment Stone Wall x1 |
| 30:35 | Hadeo · wall_segment Stone Wall x12 |
| 30:35 | Jwappa · tribute_sent a jugador 1 |
| 30:35 | Jwappa · tribute_sent a jugador 2 |
| 30:35 | Jwappa · tribute_sent a jugador 3 |
| 30:35 | Jwappa · tribute_sent a jugador 4 |
| 30:35 | Jwappa · tribute_sent a jugador 5 |
| 30:35 | Jwappa · tribute_sent a jugador 7 |
| 30:35 | Jwappa · tribute_sent a jugador 8 |
| 30:40 | HaraKiri · wall_segment Stone Wall x2 |
| 31:13 | Hadeo · wall_segment Stone Wall x1 |
| 31:15 | Hadeo · wall_segment Stone Wall x1 |
| 31:16 | Hadeo · wall_segment Stone Wall x1 |
| 31:16 | Hadeo · wall_segment Stone Wall x1 |
| 31:17 | Hadeo · wall_segment Stone Wall x1 |
| 31:17 | Hadeo · wall_segment Stone Wall x1 |
| 31:17 | HaraKiri · wall_segment Stone Wall x2 |
| 31:18 | Hadeo · wall_segment Stone Wall x1 |
| 31:18 | Hadeo · wall_segment Stone Wall x1 |
| 31:19 | Hadeo · wall_segment Stone Wall x1 |
| 31:20 | WhiteFangAoK16 · wall_segment Stone Wall x4 |
| 31:20 | HaraKiri · wall_segment Stone Wall x1 |
| 31:34 | DoubleZX · first_market_sell 100 food |
| 31:41 | Lauth3 · age_up imperial |
| 31:42 | Hadeo · wall_segment Stone Wall x8 |
| 31:50 | Hadeo · wall_segment Stone Wall x1 |
| 32:07 | Hadeo · wall_segment Stone Wall x1 |
| 32:15 | Hadeo · wall_segment Stone Wall x1 |
| 32:16 | Hadeo · wall_segment Stone Wall x1 |
| 32:17 | Hadeo · wall_segment Stone Wall x1 |
| 32:18 | Hadeo · wall_segment Stone Wall x1 |
| 32:20 | T · first_building Castle |
| 32:41 | Hadeo · wall_segment Stone Wall x1 |
| 32:43 | Hadeo · wall_segment Stone Wall x1 |
| 32:54 | Hadeo · wall_segment Stone Wall x5 |
| 33:06 | DoubleZX · first_building Barracks |
| 33:06 | T · first_market_sell 500 food |
| 33:06 | WhiteFangAoK16 · age_up imperial |
| 33:20 | Hadeo · age_up imperial |
| 33:36 | Jwappa · tribute_sent a jugador 1 |
| 33:36 | Jwappa · tribute_sent a jugador 2 |
| 33:36 | Jwappa · tribute_sent a jugador 3 |
| 33:36 | Jwappa · tribute_sent a jugador 4 |
| 33:37 | Jwappa · tribute_sent a jugador 5 |
| 33:37 | Jwappa · tribute_sent a jugador 7 |
| 33:37 | Jwappa · tribute_sent a jugador 8 |
| 33:55 | Hadeo · wall_segment Stone Wall x1 |
| 33:57 | Hadeo · wall_segment Stone Wall x5 |
| 33:58 | Hadeo · wall_segment Stone Wall x1 |
| 33:58 | Hadeo · wall_segment Stone Wall x1 |
| 34:00 | Hadeo · wall_segment Stone Wall x1 |
| 34:29 | HaraKiri · wall_segment Stone Wall x1 |
| 34:30 | HaraKiri · wall_segment Stone Wall x1 |
| 34:36 | HaraKiri · wall_segment Palisade Wall x1 |
| 35:20 | HaraKiri · wall_segment Stone Wall x5 |
| 35:24 | HaraKiri · wall_segment Stone Wall x4 |
| 35:55 | HaraKiri · wall_segment Palisade Wall x1 |
| 36:42 | Hadeo · first_building Barracks |
| 37:55 | Hadeo · wall_segment Stone Wall x4 |
| 37:59 | Hadeo · wall_segment Stone Wall x5 |
| 38:05 | Hadeo · wall_segment Stone Wall x4 |
| 38:06 | Hadeo · wall_segment Stone Wall x1 |
| 38:14 | Hadeo · wall_segment Stone Wall x6 |
| 38:35 | Hadeo · wall_segment Stone Wall x7 |
| 39:04 | Hadeo · wall_segment Stone Wall x4 |
| 39:11 | HaraKiri · wall_segment Stone Wall x1 |
| 39:11 | T · wall_segment Stone Wall x1 |
| 39:14 | HaraKiri · wall_segment Stone Wall x2 |
| 39:21 | Hadeo · wall_segment Stone Wall x6 |
| 39:22 | T · wall_segment Stone Wall x3 |
| 39:26 | Hadeo · wall_segment Stone Wall x7 |
| 39:38 | Hadeo · wall_segment Stone Wall x5 |
| 39:52 | T · wall_segment Palisade Wall x1 |
[ AI ANALYSIS · 1 CREDIT ]
What really happened in this match?
Wolo.gg analyzes every decision: build order, eco, micro, common mistakes by bracket. Personalized analysis on WhatsApp or Discord in 30 seconds.
Civ guide
Goths
Perfil
Jugador #3139898